 Dungeon Crawl Stone Soup version 0.28.0-45-g0d030f2227 (webtiles) character file.

Game seed: 293400475496535523

1195 croobank the Digger (level 8, -2/47 HPs)
             Began as a Gargoyle Earth Elementalist on Apr 17, 2022.
             Killed by divine providence
             ... invoked by an orc priest
              (10 damage)
             ... on level 5 of the Dungeon on Apr 18, 2022.
             The game lasted 00:29:11 (6711 turns).

croobank the Digger (Gargoyle Earth Elementalist)   Turns: 6711, Time: 00:29:12

Health: -2/47      AC: 10    Str: 12    XL:     8   Next: 44%
Magic:  8/13       EV: 12    Int: 18    God:
Gold:   87         SH:  0    Dex: 10    Spells: 2/14 levels left

rFire   . . .      SeeInvis .   a - +5 short sword (protect)
rCold   + . .      Faith    .   (no shield)
rNeg    + . .      Spirit   .   p - +0 leather armour {rC+}
rPois   ∞          Reflect  .   i - +0 helmet
rElec   +          Harm     .   (no cloak)
rCorr   .          Rampage  .   (no gloves)
Will    .....                   q - +0 pair of boots
Stlth   ++........              (no amulet)
HPRegen 0.15/turn               (no ring)
MPRegen 0.13/turn               (no ring)

@: no status effects
A: sickness immunity, AC +5, negative energy resistance 1, electricity
resistance, torment resistance 1, petrification resistance
a: no special abilities


You were on level 5 of the Dungeon.
You visited 1 branch of the dungeon, and saw 6 of its levels.

You collected 213 gold pieces.
You spent 126 gold pieces at shops.

Inventory:

Hand Weapons
 a - a +5 short sword of protection (weapon)
 b - a +0 hunting sling
 e - a +0 dagger
 j - a +2 dagger of electrocution
 x - a +2 morningstar of draining
Missiles
 c - 63 sling bullets
 h - 72 stones
 k - 100 arrows
 r - 15 bolts
 t - 13 poisoned darts
 w - a boomerang
Armour
 i - a +0 helmet (worn)
 l - a +0 ring mail
 m - the +2 chain mail "Earthly Heaven" {rCorr Str+2 Stlth+}
   (You found it on level 4 of the Dungeon)

   Str:       It affects your strength (+2).
   rCorr:     It protects you from acid and corrosion.
   Stlth:     It makes you more stealthy.
 p - a +0 leather armour of cold resistance (worn)
 q - a +0 pair of boots (worn)
Scrolls
 g - a scroll of magic mapping
 n - a scroll of teleportation
 o - a scroll of identify
 s - a scroll of immolation {unknown}
 u - a scroll of fog {unknown}
Potions
 d - a potion of curing
 f - a potion of resistance
 v - a potion of brilliance {unknown}


   Skills:
 + Level 3.6 Fighting
 + Level 3.4 Dodging
 + Level 5.0 Stealth
 + Level 3.9 Spellcasting
 + Level 3.1 Conjurations
 + Level 3.1 Transmutations
 + Level 5.8 Earth Magic


You had 2 spell levels left.
You knew the following spells:

 Your Spells              Type           Power      Damage    Failure   Level
a - Sandblast             Erth           48%        2d12      1%          1
b - Passwall              Tmut/Erth      15%        N/A       4%          2
c - Stone Arrow           Conj/Erth      38%        3d9       9%          3
d - Static Discharge      Conj/Air       9%         N/A       16%         2
e - Petrify               Tmut/Erth      19%        N/A       30%         4

Your spell library contained the following spells:

 Spells                   Type           Power      Damage    Failure   Level
 Freezing Cloud           Conj/Ice/Air   3%         6-21      98%         5
 Chain Lightning          Conj/Air       4%         3d6       100%        9


Dungeon Overview and Level Annotations

Branches:
Dungeon (6/15)
 Temple: D:4-7

Altars:

Shops:
D:2 [(=(=

Annotations:
D:6 Edmund


Innate Abilities, Weirdness & Mutations

You are immune to sickness and miasma.
Your stone body is resilient. (AC +5)
You are immune to poison.
You resist negative energy. (rN+)
You are resistant to electric shocks. (rElec)
You are resistant to unholy torment.
You are immune to petrification.


Message History

Aiming: Stone Arrow (dangerous; 10% risk of failure)
Press: ? - help, Shift-Dir - straight line, f - phantom
Aim: a phantom (56% to hit)
The stone arrow misses the phantom.
The orc priest shouts!
You hear a shout!
An orc priest comes into view. It is wielding a +0 whip.
The phantom closely misses you.
The orc priest shouts!
You hit the phantom but do no damage.
Your weapon exudes an aura of protection.
The phantom closely misses you.
An orc comes into view. It is wielding a +0 trident.
An orc comes into view. It is wielding a +0 falchion.
The phantom hits you.
The phantom blinks!
You blink.
You puncture the phantom!
The phantom is moderately damaged.
The phantom hits you but does no damage.
You hit the orc priest.
The orc priest is lightly wounded.
The orc priest hits you with a +0 whip of flaming.
The orc priest burns you.
An orc comes into view. It is wielding a +0 club.
The phantom hits you.
The phantom blinks!
You blink.
The orc moves out of view.
Casting: Stone Arrow (dangerous; 10% risk of failure)
Confirm with . or Enter, or press ? or * to list all spells.
Aiming: Stone Arrow (dangerous; 10% risk of failure)
Press: ? - help, Shift-Dir - straight line, f/p - phantom
Aim: a phantom (moderately damaged, 56% to hit)
The stone arrow hits the phantom!!
You destroy the phantom!
The orc priest looks satisfied for a moment.
Your Stealth skill increases to level 5!
The orc priest calls down the wrath of Beogh upon you.
Beogh smites you!
The orc priest invokes the aid of Beogh against you.
Beogh smites you!
* * * LOW HITPOINT WARNING * * *
The orc priest mumbles some strange prayers to Beogh against you.
Beogh smites you!
You die...

....# ##....#.###..≈##.)# ......#
#......###.#≈≈#..##
################.......#≈≈##).###
#...#.#...#...#.####..≈≈≈≈#..##.
#..#...#..#..#..# ##.#≈≈≈≈#..#..
#.#.....#.#.#..####..#≈≈≈≈#..#>.
#.....o.###...#.......≈≈##..#..
o........ooo......##....≈≈#..####
.....###....####@###.####≈#..#...
.... #.#...####.#...# ##..#.#.
... #..#...........# #...... #.
#...#.........## #...#..
############.......## #####..
#.....)#.#####..##<.###### ##.
######.#..####.####..)...########
#...........#######......#
######................####


You could see an orc priest and 2 orcs.

Vanquished Creatures
  A water moccasin (D:4)
  An ice beast (D:6)
  A black bear (D:6)
  An ogre (D:5)
  A phantom (D:5)
  2 kobold brigands (D:5)
  2 scorpions (D:5)
  A wyvern zombie (D:5)
  A water moccasin skeleton (D:4)
  A howler monkey (D:5)
  2 iguanas (D:4)
  2 orc wizards (D:5)
  A hound zombie (D:5)
  Robin (D:2)
  8 adders
  An adder skeleton (D:4)
  5 dart slugs
  22 orcs
  7 ball pythons
  6 bats
  9 endoplasms
  6 giant cockroaches
  17 goblins
  7 hobgoblins
  4 quokkas
  5 frilled lizards
  11 kobolds
  8 rats
134 creatures vanquished.

Vanquished Creatures (others)
  A plant (D:2)
1 creature vanquished.

Grand Total: 135 creatures vanquished

Notes
Turn   | Place    | Note
-------+----------+-------------------------------------------
     0 | D:1      | croobank the Gargoyle Earth Elementalist began the quest
                  | for the Orb.
     0 | D:1      | Reached XP level 1. HP: 10/10 MP: 3/3
   517 | D:1      | Reached skill level 1 in Transmutations
   517 | D:1      | Reached XP level 2. HP: 12/15 MP: 0/5
   520 | D:1      | Learned a level 2 spell: Passwall
   664 | D:1      | Got the Reference Book on Feathery Stones
   899 | D:1      | Reached XP level 3. HP: 19/19 MP: 4/6
  1208 | D:1      | Found a faded altar of an unknown god.
  1788 | D:2      | Noticed Robin
  1810 | D:2      | Killed Robin
  1811 | D:2      | Reached XP level 4. HP: 3/24 MP: 7/7
  1814 | D:2      | HP: 1/24 [goblin/+0 club[Robin] (1)]
  2166 | D:2      | Learned a level 3 spell: Stone Arrow
  2167 | D:2      | Found Ugusuyro's Armour Boutique.
  2168 | D:2      | Found Wueppaos's Jewellery Shoppe.
  2174 | D:2      | Reached skill level 1 in Fighting
  2256 | D:2      | Found Xuengaom's Weapon Shoppe.
  2649 | D:2      | Found Guxuuk's Weapon Emporium.
  2848 | D:2      | Found Juviv's Jewellery Emporium.
  3166 | D:3      | Learned a level 2 spell: Static Discharge
  3472 | D:3      | Reached XP level 5. HP: 29/29 MP: 6/8
  3996 | D:4      | Reached skill level 1 in Conjurations
  4010 | D:4      | Reached XP level 6. HP: 23/35 MP: 10/10
  4095 | D:4      | Identified the +2 chain mail "Earthly Heaven" {rCorr Str+2
                  | Stlth+}
  4194 | D:4      | Noticed a water moccasin
  4200 | D:5      | Entered Level 5 of the Dungeon
  4427 | D:4      | Killed a water moccasin
  4534 | D:4      | Reached XP level 7. HP: 36/40 MP: 5/11
  5648 | D:2      | Bought a +0 leather armour of cold resistance for 126 gold
                  | pieces
  5811 | D:5      | Reached skill level 5 in Earth Magic
  6101 | D:5      | Learned a level 4 spell: Petrify
  6120 | D:6      | Noticed Edmund
  6371 | D:5      | Reached XP level 8. HP: 46/46 MP: 6/13
  6706 | D:5      | Reached skill level 5 in Stealth
  6711 | D:5      | Killed from afar by an orc priest

Illustrated notes

Levels and vault maps discovered:
D:1:      psy_arrival_fountain, layout_basic, ebering_ecumenical_altar_hall,
          minivault_24, kennysheep_decorative_pillar, minmay_pentomino_r2
D:2:      layout_rooms, serial_shops, shop, nicolae_lakefront_shop,
          nicolae_lakefront_shop, shop, shop, chequers_serial_rivers_micro_c,
          serial_bayou_lagoon_a, uniq_robin
D:3:      layout_basic, nicolae_figureground_sparkle
D:4:      layout_layer_cave
D:5:      cheibrodos_thug_alley, layout_rooms, chequers_serial_rivers_micro_a,
          hangedman_decor_diamond_cutter
D:6:      layout_basic, mainiacjoe_overflow_alcove_1,
          minmay_temple_entry_statues, ebering_ghost_rock_garden, serial_shops,
          kennysheep_mini_moat, uniq_edmund

Skill      XL: |  1  2  3  4  5  6  7  8 |
---------------+-------------------------+-----
Transmutations | 1 2 3 |  3.1
Earth Magic    | 4 5 |  5.8
Dodging        | 2 3 |  3.4
Fighting       | 1 2 3 |  3.6
Stealth        | 3 4 5 |  5.0
Conjurations   | 1 2 3 |  3.1
Spellcasting   | 3 |  3.9

Action                   |  1- 3 |  4- 6 |  7- 9 || total
-------------------------+-------+-------+-------++-------
Melee: Unarmed           |    25 |       |       ||    25
       Dagger            |    78 |     9 |       ||    87
       Punch             |     2 |       |     2 ||     4
       Short sword       |       |   138 |   148 ||   286
 Fire: Hunting sling     |       |    33 |       ||    33
 Cast: Sandblast         |    27 |    16 |    11 ||    54
       Stone Arrow       |       |     2 |     7 ||     9
  Use: Potion            |     3 |     4 |       ||     7
       Scroll            |       |     4 |     1 ||     5
 Stab: Sleeping          |     3 |     5 |       ||     8
Armor: Robe              |    46 |    55 |       ||   101
       Skin              |    18 |       |       ||    18
       Chain mail        |       |   109 |       ||   109
       Ring mail         |       |     4 |    17 ||    21
       Leather armour    |       |       |    59 ||    59
Dodge: Dodged            |    80 |   114 |    68 ||   262
